 Dungeon Crawl Stone Soup version 0.31-a0-165-g3f4f80340b (webtiles) character file.

Game seed: 13454929267407310695

19394 qw the Marksgargoyle (level 12, -2/77 HPs)
             Began as a Gargoyle Hunter on June 13, 2023.
             Was an Elder of Okawaru.
             Slain by a death yak (19 damage)
             ... on level 4 of the Lair of Beasts.
             The game lasted 00:03:58 (10227 turns).

qw the Marksgargoyle (Gargoyle Hunter)             Turns: 10227, Time: 00:03:59

Health: -2/77      AC: 27    Str: 16    XL:     12   Next: 68%
Magic:  15/17      EV: 22    Int: 13    God:    Okawaru [****..]
Gold:   612        SH:  5    Dex: 17    Spells: 11/11 levels left

rFire   + . .        Y - +0 longbow (chaos)
rCold   . . .        (shield currently unavailable)
rNeg    + . .        j - +0 acid dragon scales
rPois   inf          i - +0 helmet
rElec   +            a - +2 cloak
rCorr   +            u - +0 pair of gloves
SInv    .            m - +1 pair of boots "Tisuutt" {Drain rF+ Int+3}
Will    .....        w - amulet of reflection
Stlth   +++          s - +5 ring of evasion
HPRegen 0.32/turn    b - +4 ring of slaying {mikee}
MPRegen 0.15/turn

%: reflection
@: heroic
A: sickness immunity, AC +8, negative energy resistance 1, electricity
resistance, torment resistance 1, petrification resistance
a: Renounce Religion, Heroism, Finesse


You were on level 4 of the Lair of Beasts.
You worshipped Okawaru.
Okawaru was greatly pleased with you.
You visited 3 branches of the dungeon, and saw 14 of its levels.
You also visited: Sewer.

You collected 612 gold pieces.


Innate Abilities, Weirdness & Mutations

You are immune to sickness and miasma.
Your stone body is resilient. (AC +8)
You are immune to poison.
You resist negative energy. (rN+)
You are resistant to electric shocks. (rElec)
You are resistant to unholy torment.
You are immune to petrification.


   Skills:
 - Level 10.0(15.0) Fighting
 + Level 15.7(20.7) Ranged Weapons
 - Level 7.0(12.0) Armour
 - Level 5.0(10.0) Dodging
 - Level 1.1(6.1) Stealth
 + Level 6.7 Invocations


You had 11 spell levels left.
You didn't know any spells.
Your spell library was empty.

Inventory:

Hand Weapons
 k - a +1 orcbow of flaming
 Y - a +0 longbow of chaos (weapon)
Armour
 a - a +2 cloak (worn)
 i - a +0 helmet (worn)
 j - +0 acid dragon scales (worn)
 m - the +1 pair of boots "Tisuutt" (worn) {Drain rF+ Int+3}
   (You acquired it in a sewer)

   Int:       It affects your intelligence (+3).
   rF:        It protects you from fire.
   Drain:     It drains your maximum health when unequipped.
 u - a +0 pair of gloves (worn)
Jewellery
 b - a +4 ring of slaying (right hand) {mikee}
 p - a ring of protection from fire
 s - a +5 ring of evasion (left hand)
 w - an amulet of reflection (around neck)
Scrolls
 r - 3 scrolls of identify
Potions
 c - 2 potions of magic
 e - a potion of might
 g - 7 potions of curing
 h - 2 potions of lignification
 l - 2 potions of cancellation
 n - 3 potions of haste
 o - 3 potions of mutation
 t - a potion of resistance

Dungeon Overview and Level Annotations

Branches:
Dungeon (9/15)             Temple (1/1) D:5            Lair (4/5) D:9
 Shoals (0/4) Lair:2       Spider (0/4) Lair:3        Sewer (visited)
  Slime: Lair:4-5       Orc: D:9-12

Altars:
Ashenzari
Cheibriados
Dithmenos
Elyvilon
Fedhas
Gozag
Hepliaklqana
Kikubaaqudgha
Makhleb
Nemelex Xobeh
Okawaru
Qazlal
Ru
Sif Muna
Trog
Uskayaw
Vehumet
Xom
Yredelemnul
Zin
The Shining One

Shops:
D:6 *

Annotations:
D:9 1 transporter, qw's ghost, journeyman GrHu
Lair:1 1 runed translucent door, qw's ghost, journeyman NaHu
Lair:2 1 runed translucent door, qw's ghost, journeyman NaHu
Lair:4 Urug


Message History

You feel like a meek peon again.
Urug hits you from afar with a +2 demon trident of venom.
The death yak gores you but does no damage.
The death yak closely misses you.
10219 ||| INVOKING Heroism.
You gain the combat prowess of a mighty hero.
Urug throws a javelin.
The javelin completely misses you. The death yak closely misses you.
The death yak gores you but does no damage.
You shoot an arrow. The arrow barely misses the death yak.
You shoot an arrow.
The arrow hits the death yak but does no damage.
The death yak is poisoned.
The death yak is lightly wounded.
Urug barely misses you. The death yak gores you!! The death yak gores you!
10222 ||| DRINKING potion of heal wounds.
You feel much better.
Urug throws a javelin.
The javelin misses you. You block the death yak's attack.
The death yak misses you.
You shoot an arrow. The arrow hits the death yak!
You feel better.
The death yak is moderately wounded.
Urug throws a javelin.
The javelin completely misses you. The death yak misses you.
The death yak completely misses you.
You shoot an arrow. The arrow hits the death yak!!
You drain the death yak!
The death yak is severely wounded.
Urug throws a javelin.
The javelin completely misses you. The death yak barely misses you.
The death yak gores you.
You shoot an arrow. The arrow hits the death yak!
The death yak suddenly seems more resistant.
The death yak is almost dead.
You shoot an arrow.
The arrow hits the death yak but does no damage.
The death yak seems to grow stronger.
The death yak is almost dead.
Urug hits you from afar with a +2 demon trident of venom!
The death yak completely misses you. The death yak misses you.
You shoot an arrow. The arrow hits the death yak.
The death yak is almost dead.
Urug barely misses you. The death yak gores you!!
You die...

........# ......... .
P<......## . ##........
.# #.........##.#..
#....o..#....
##.......Y%#
#.......@Y.# ##
#...P#..### .....
###....## .#.#.. #
#.#+..### #...... ##
#.......###P.#.#+####P
#........#........##..
#........P....(...P#%#
#.................P..#
#P.................'.##


You could see 2 death yaks and Urug.

Vanquished Creatures
  2 death yaks (Lair:4)
  3 harpies (Lair:2)
  Maurice (D:8)
  Joseph (D:8)
  Maggie (D:6)
  2 black mambas (Lair:3)
  7 cane toads
  3 rime drakes
  6 komodo dragons
  2 hornets
  3 polar bears
  13 blink frogs
  A jumping spider (Lair:3)
  10 yaks
  A wraith (D:9)
  A wyvern (D:7)
  3 basilisks
  Grum (D:8)
  2 steam dragons
  Menkaure (D:7)
  12 water moccasins
  Duvessa (D:6)
  A black bear (D:6)
  2 ice beasts (D:6)
  An ogre (D:6)
  2 centaurs
  9 wolves
  A phantom (D:5)
  9 bullfrogs
  6 scorpions
  Dowan (D:6)
  8 killer bees
  An electric eel (D:7)
  4 howler monkeys
  3 jellies
  2 hounds
  A gnoll bouda (D:9)
  An orc priest (D:4)
  A sleepcap (D:8)
  3 iguanas
  3 orc wizards
  10 adders
  7 gnolls
  4 river rats
  2 shadow imps
  3 worms
  2 dart slugs
  20 orcs
  10 ball pythons
  8 endoplasms
  7 giant cockroaches
  6 goblins
  12 hobgoblins
  3 jackals (D:1)
  5 quokkas
  5 bats
  7 frilled lizards
  4 kobolds
  6 rats
257 creatures vanquished.

Notes
Turn   | Place    | Note
-------+----------+-------------------------------------------
     0 | D:1      | qw the Gargoyle Hunter began the quest for the Orb.
     0 | D:1      | Reached XP level 1. HP: 12/12 MP: 1/1
     0 | D:1      | 0 ||| qw: Version: 0.2-a-29-gc1b59c4
     0 | D:1      | 0 ||| qw: Game counter: 4779
     0 | D:1      | 0 ||| qw: Always use a shield: true
     0 | D:1      | 0 ||| qw: God list: Okawaru
     0 | D:1      | 0 ||| qw: Allow faded altars: false
     0 | D:1      | 0 ||| qw: Do Orc after D:15 true
     0 | D:1      | 0 ||| qw: Do second Lair branch before Depths: true
     0 | D:1      | 0 ||| qw: Lair rune preference: random
     0 | D:1      | 0 ||| qw: Plans: Normal, Zot:1-4, Slime:5, God:TSO, Crypt,
                  | Tomb, Abyss, Pan, Hells, Win
     0 | D:1      | 0 ||| PLANNING D:1-11
    56 | D:1      | Reached XP level 2. HP: 17/17 MP: 2/2
   125 | D:1      | 125 ||| Stepping ~*~*~tactically~*~*~ (outnumbered).
   216 | D:1      | Reached XP level 3. HP: 21/21 MP: 3/3
   235 | D:1      | Reached skill level 5 in Ranged Weapons
   387 | D:1      | 387 ||| UPGRADING to +0 ring mail.
   397 | D:1      | 397 ||| DROPPING +0 leather armour.
   398 | D:1      | 398 ||| UPGRADING to +0 helmet.
   403 | D:1      | 403 ||| UPGRADING to +4 ring of protection.
   404 | D:1      | 404 ||| READING scroll labelled QOJAIT COTUXT.
   405 | D:1      | 405 ||| DRINKING 2 fuming dark potions.
   447 | D:1      | 447 ||| DROPPING scroll of butterflies.
   515 | D:2      | Reached skill level 1 in Armour
   637 | D:2      | Reached XP level 4. HP: 25/27 MP: 4/4
   661 | D:2      | Reached skill level 3 in Fighting
  1164 | D:2      | 1164 ||| UPGRADING to +2 cloak.
  1169 | D:2      | 1169 ||| UPGRADING to +4 ring of slaying {mikee}.
  1170 | D:2      | 1170 ||| READING scroll labelled HUFEVVOKHLYN.
  1171 | D:2      | 1171 ||| READING scroll labelled JONO LEXKEI.
  1172 | D:2      | 1172 ||| READING scroll labelled WAFAHA PIJ QOVVEN.
  1172 | D:2      | Identified a scroll of acquirement
  1172 | D:2      | 1172 ||| ACQUIRING +0 hand crossbow of freezing
  1172 | D:2      | Acquired a +0 hand crossbow of freezing
  1174 | D:2      | 1174 ||| SWAPPING to +0 hand crossbow of freezing.
  1175 | D:2      | 1175 ||| DROPPING +0 shortbow.
  1176 | D:2      | 1176 ||| DRINKING 3 clear potions.
  1177 | D:2      | 1177 ||| DROPPING 2 potions of degeneration.
  1181 | D:3      | 1181 ||| PLANNING SEWER
  1244 | D:3      | Reached XP level 5. HP: 32/32 MP: 5/5
  1250 | D:3      | 1250 ||| FLEEEEING.
  1251 | D:3      | 1251 ||| FLEEEEING.
  1252 | D:3      | 1252 ||| FLEEEEING.
  1253 | D:3      | 1253 ||| FLEEEEING.
  1254 | D:3      | 1254 ||| FLEEEEING.
  1258 | D:3      | 1258 ||| FLEEEEING.
  1259 | D:3      | 1259 ||| FLEEEEING.
  1260 | D:3      | 1260 ||| FLEEEEING.
  1261 | D:3      | 1261 ||| FLEEEEING.
  1262 | D:3      | 1262 ||| FLEEEEING.
  1263 | D:3      | 1263 ||| FLEEEEING.
  1264 | D:3      | 1264 ||| FLEEEEING.
  1264 | D:3      | Noticed a steam dragon
  1265 | D:3      | 1265 ||| STAIRDANCE
  1355 | D:2      | 1355 ||| READING scroll labelled QYSHUB YFUR.
  1362 | D:3      | Killed a steam dragon
  1363 | D:3      | Reached skill level 6 in Ranged Weapons
  1363 | D:3      | Reached XP level 6. HP: 37/37 MP: 6/6
  1388 | D:3      | Found a hide-covered altar of Uskayaw.
  1546 | D:3      | Found a glowing drain.
  1547 | D:3      | 1547 ||| READING scroll labelled DUTAFA YDUFEFO.
  1556 | Sewer    | Entered a sewer
  1568 | Sewer    | 1568 ||| Stepping ~*~*~tactically~*~*~ (water).
  1627 | Sewer    | 1627 ||| Stepping ~*~*~tactically~*~*~ (water).
  1638 | Sewer    | 1638 ||| Stepping ~*~*~tactically~*~*~ (water).
  1662 | Sewer    | 1662 ||| Stepping ~*~*~tactically~*~*~ (water).
  1666 | Sewer    | 1666 ||| Stepping ~*~*~tactically~*~*~ (water).
  1682 | Sewer    | 1682 ||| READING scroll of acquirement.
  1682 | Sewer    | 1682 ||| ACQUIRING +1 orcbow of flaming
  1682 | Sewer    | Acquired a +1 orcbow of flaming
  1697 | Sewer    | Reached skill level 7 in Ranged Weapons
  1704 | Sewer    | 1704 ||| READING scroll of acquirement.
  1704 | Sewer    | 1704 ||| ACQUIRING +1 pair of boots "Tisuutt" {Drain rF+
                  | Int+3}
  1704 | Sewer    | Acquired the +1 pair of boots "Tisuutt" {Drain rF+ Int+3}
  1706 | Sewer    | 1706 ||| UPGRADING to +1 pair of boots "Tisuutt" {Drain rF+
                  | Int+3}.
  1717 | Sewer    | Found a viscous altar of Jiyva.
  1753 | Sewer    | 1753 ||| Stepping ~*~*~tactically~*~*~ (water).
  1762 | Sewer    | 1762 ||| DRINKING 2 orange potions.
  1783 | D:3      | 1783 ||| PLANNING D:1-11
  1810 | D:3      | Found a radiant altar of Vehumet.
  2006 | D:4      | Reached XP level 7. HP: 43/43 MP: 7/7
  2010 | D:4      | 2010 ||| STAIRDANCE
  2267 | D:4      | Found a burning altar of Makhleb.
  2502 | D:4      | 2502 ||| UPGRADING to +0 pair of gloves.
  2507 | D:4      | 2507 ||| READING scroll labelled ZAETHR SIOFE.
  2508 | D:4      | 2508 ||| READING 5 scrolls of identify.
  2508 | D:4      | 2508 ||| IDENTIFYING sapphire potion
  2509 | D:4      | 2509 ||| READING 4 scrolls of identify.
  2509 | D:4      | 2509 ||| IDENTIFYING grey potion
  2510 | D:4      | 2510 ||| READING 3 scrolls of identify.
  2510 | D:4      | 2510 ||| IDENTIFYING glowing ruby potion
  2511 | D:4      | 2511 ||| READING 2 scrolls of identify.
  2511 | D:4      | 2511 ||| IDENTIFYING viscous golden potion
  2512 | D:4      | 2512 ||| DROPPING potion of berserk rage.
  2524 | D:5      | Entered Level 5 of the Dungeon
  2550 | D:5      | Reached skill level 8 in Ranged Weapons
  2567 | D:5      | Found a staircase to the Ecumenical Temple.
  2568 | D:5      | 2568 ||| PLANNING TEMPLE
  2568 | D:5      | 2568 ||| READING 2 scrolls of identify.
  2568 | D:5      | 2568 ||| IDENTIFYING ruby potion
  2588 | Temple   | Entered the Ecumenical Temple
  2657 | Temple   | 2657 ||| PLANNING D:1-11
  2831 | D:5      | Reached skill level 3 in Armour
  2831 | D:5      | Reached XP level 8. HP: 49/49 MP: 8/8
  3090 | D:5      | Found a blossoming altar of Fedhas.
  3283 | D:5      | 3283 ||| READING scroll labelled UNOM PASUBEMI.
  3284 | D:5      | 3284 ||| READING scroll labelled QEAGEOF DUMY.
  3306 | D:5      | 3306 ||| READING scroll labelled NAMOFOMAYS.
  3402 | D:6      | Noticed Duvessa
  3402 | D:6      | Noticed Dowan
  3407 | D:6      | Killed Duvessa
  3408 | D:6      | Reached skill level 9 in Ranged Weapons
  3413 | D:6      | Killed Dowan
  3566 | D:6      | Reached skill level 6 in Fighting
  3638 | D:6      | Found Qosah's Elemental Accessories.
  3799 | D:6      | Reached XP level 9. HP: 55/55 MP: 9/9
  3803 | D:6      | Reached skill level 10 in Ranged Weapons
  3930 | D:6      | Found a glowing golden altar of the Shining One.
  4090 | D:6      | Noticed Maggie
  4096 | D:6      | Killed Maggie
  4338 | D:6      | 4338 ||| UPGRADING to +0 acid dragon scales.
  4348 | D:6      | 4348 ||| DROPPING +0 ring mail.
  4349 | D:6      | 4349 ||| READING 2 scrolls of identify.
  4349 | D:6      | 4349 ||| IDENTIFYING fuming pink potion
  4515 | D:7      | Found a broken altar of Ashenzari.
  4629 | D:7      | Found a flagged portal.
  4771 | D:7      | Reached skill level 3 in Dodging
  4917 | D:7      | Found an iron altar of Okawaru.
  4918 | D:7      | 4918 ||| PLANNING OKAWARU WORSHIP
  4918 | D:7      | 4918 ||| DROPPING scarf of invisibility.
  4919 | D:7      | 4919 ||| READING 3 scrolls labelled ZIUGUSO IS CUPE.
  4920 | D:7      | 4920 ||| DRINKING 2 murky dark potions.
  4921 | D:7      | 4921 ||| DROPPING potion of enlightenment.
  4922 | D:7      | 4922 ||| DROPPING 2 scrolls of immolation.
  4923 | D:7      | Noticed Menkaure
  4924 | D:7      | Killed Menkaure
  4931 | D:7      | Became a worshipper of Warmaster Okawaru
  4931 | D:7      | 4931 ||| PLANNING D:1-11
  5124 | D:8      | Noticed a hornet
  5129 | D:8      | Killed a hornet
  5151 | D:8      | Found a stormy altar of Qazlal.
  5158 | D:8      | Noticed Joseph
  5161 | D:8      | 5161 ||| FLEEEEING.
  5162 | D:8      | 5162 ||| FLEEEEING.
  5163 | D:8      | 5163 ||| FLEEEEING.
  5172 | D:8      | 5172 ||| FLEEEEING.
  5173 | D:8      | 5173 ||| FLEEEEING.
  5174 | D:8      | 5174 ||| FLEEEEING.
  5177 | D:8      | 5177 ||| STAIRDANCE
  5210 | D:8      | Killed Joseph
  5211 | D:8      | Reached skill level 11 in Ranged Weapons
  5211 | D:8      | Reached XP level 10. HP: 64/64 MP: 10/10
  5263 | D:8      | Noticed Maurice
  5267 | D:8      | 5267 ||| Stepping randomly (disturbance).
  5268 | D:8      | 5268 ||| Stepping randomly (disturbance).
  5276 | D:8      | Killed Maurice
  5276 | D:8      | Reached * piety under Okawaru
  5346 | D:8      | Identified the +1 leather armour of Youthful Indiscretion
                  | {Str+2}
  5433 | D:8      | Reached skill level 1 in Invocations
  5443 | D:8      | 5443 ||| INVOKING Heroism.
  5447 | D:8      | Reached skill level 3 in Invocations
  5626 | D:8      | Reached ** piety under Okawaru
  5664 | D:8      | Reached skill level 12 in Ranged Weapons
  5818 | D:8      | Noticed Grum
  5821 | D:8      | 5821 ||| INVOKING Heroism.
  5831 | D:8      | 5831 ||| INVOKING Heroism.
  5836 | D:8      | HP: 13/65 [Grum/-1 spear (4)]
  5837 | D:8      | 5837 ||| READING scroll of teleportation.
  6038 | D:8      | 6038 ||| INVOKING Heroism.
  6039 | D:8      | Killed Grum
  6054 | D:8      | 6054 ||| SWAPPING to +0 longbow of freezing.
  6055 | D:8      | 6055 ||| DROPPING +0 heavy hand crossbow.
  6056 | D:8      | 6056 ||| READING scroll of brand weapon.
  6056 | D:8      | 6056 ||| BRANDING +0 longbow of freezing.
  6057 | D:8      | Found a basalt altar of Yredelemnul.
  6183 | D:8      | Found a bloodstained altar of Trog.
  6188 | D:8      | 6188 ||| DROPPING amulet of magic regeneration.
  6189 | D:8      | 6189 ||| DRINKING 2 lumpy green potions.
  6190 | D:8      | 6190 ||| DRINKING 2 black potions.
  6191 | D:8      | 6191 ||| DROPPING potion of brilliance.
  6386 | D:9      | 6386 ||| INVOKING Heroism.
  6417 | D:9      | 6417 ||| INVOKING Heroism.
  6610 | D:9      | Found a sacrificial altar of Ru.
  6623 | D:9      | Found a staircase to the Lair.
  6799 | D:9      | Found a sparkling altar of Nemelex Xobeh.
  6811 | D:9      | Noticed a two-headed ogre
  6813 | D:9      | Noticed qw's ghost (journeyman GrHu)
  6815 | D:9      | Found a transporter.
  6935 | D:9      | Found a shimmering altar of Xom.
  6935 | D:9      | Found a shadowy altar of Dithmenos.
  7093 | D:9      | Noticed a two-headed ogre
  7093 | D:9      | Noticed a two-headed ogre
  7340 | D:9      | 7340 ||| PLANNING LAIR
  7357 | Lair:1   | Entered Level 1 of the Lair of Beasts
  7402 | Lair:1   | 7402 ||| INVOKING Heroism.
  7404 | Lair:1   | Reached skill level 13 in Ranged Weapons
  7511 | Lair:1   | Reached skill level 9 in Fighting
  7511 | Lair:1   | Reached XP level 11. HP: 71/71 MP: 14/14
  7528 | Lair:1   | 7528 ||| INVOKING Heroism.
  7553 | Lair:1   | 7553 ||| INVOKING Heroism.
  7580 | Lair:1   | 7580 ||| INVOKING Heroism.
  7636 | Lair:1   | Found a runed translucent door.
  7637 | Lair:1   | Noticed qw's ghost (journeyman NaHu)
  7694 | Lair:1   | 7694 ||| INVOKING Heroism.
  7704 | Lair:1   | Reached skill level 6 in Armour
  8087 | Lair:1   | 8087 ||| INVOKING Heroism.
  8163 | Lair:1   | 8163 ||| UPGRADING to +5 ring of evasion.
  8165 | Lair:1   | 8165 ||| DROPPING +4 ring of protection.
  8197 | Lair:2   | 8197 ||| INVOKING Heroism.
  8229 | Lair:2   | 8229 ||| INVOKING Heroism.
  8234 | Lair:2   | Reached skill level 14 in Ranged Weapons
  8336 | Lair:2   | 8336 ||| INVOKING Heroism.
  8450 | Lair:2   | 8450 ||| INVOKING Heroism.
  8469 | Lair:2   | Reached *** piety under Okawaru
  8475 | Lair:2   | 8475 ||| INVOKING Heroism.
  8515 | Lair:2   | Found a runed translucent door.
  8516 | Lair:2   | Found a shimmering altar of Xom.
  8516 | Lair:2   | Noticed qw's ghost (journeyman NaHu)
  8517 | Lair:2   | Noticed a +0 quarterstaff of chaos
  8684 | Lair:2   | 8684 ||| INVOKING Heroism.
  9084 | Lair:2   | Noticed a harpy
  9084 | Lair:2   | Noticed a harpy
  9084 | Lair:2   | Noticed a harpy
  9086 | Lair:2   | 9086 ||| INVOKING Heroism.
  9095 | Lair:2   | Killed a harpy
  9096 | Lair:2   | Reached XP level 12. HP: 38/77 MP: 13/15
  9102 | Lair:2   | Reached skill level 15 in Ranged Weapons
  9107 | Lair:2   | Reached **** piety under Okawaru
  9283 | Lair:2   | Found a staircase to the Shoals.
  9541 | Lair:2   | 9541 ||| DROPPING amulet of guardian spirit.
  9542 | Lair:2   | 9542 ||| UPGRADING to amulet of reflection.
  9547 | Lair:2   | 9547 ||| DROPPING ring of flight.
  9548 | Lair:2   | 9548 ||| READING 4 scrolls of identify.
  9548 | Lair:2   | 9548 ||| IDENTIFYING blue potion
  9605 | Lair:3   | 9605 ||| INVOKING Heroism.
  9705 | Lair:3   | 9705 ||| INVOKING Heroism.
  9808 | Lair:3   | 9808 ||| INVOKING Heroism.
  9884 | Lair:3   | Found a hole to the Spider Nest.
  9944 | Lair:3   | Reached skill level 6 in Invocations
 10104 | Lair:3   | 10104 ||| READING scroll labelled YNEENUCYWU.
 10197 | Lair:4   | Noticed Urug
 10197 | Lair:4   | Noticed a death yak
 10198 | Lair:4   | 10198 ||| INVOKING Heroism.
 10199 | Lair:4   | Noticed a death yak
 10199 | Lair:4   | Noticed a death yak
 10202 | Lair:4   | Noticed a death yak
 10204 | Lair:4   | Killed a death yak
 10216 | Lair:4   | Killed a death yak
 10219 | Lair:4   | 10219 ||| INVOKING Heroism.
 10221 | Lair:4   | HP: 15/77 [death yak (19)]
 10221 | Lair:4   | HP: 7/77 [death yak (8)]
 10222 | Lair:4   | 10222 ||| DRINKING potion of heal wounds.
 10226 | Lair:4   | HP: 17/77 [Urug/+2 demon trident of venom (15)]
 10227 | Lair:4   | Slain by a death yak

Levels and vault maps discovered:
D:1:      minmay_arrival_arboretum_small, layout_rooms
D:2:      layout_basic, minmay_octomino_e4
D:3:      layout_rooms, mainiacjoe_overflow_surrounded_room,
          mainiacjoe_overflow_alcove_2, portal_sewer_entry_b,
          minmay_misc_feat_chi
D:4:      layout_cave_pools, bloody_makhleb, chequers_jeans
D:5:      layout_loops_ring, general_overflow_altar,
          minmay_temple_entry_statues_fountains, minmay_misc_feat_enclosed,
          eino_tiny_chamber, minmay_curled_crystal
D:6:      hellmonk_crumbling_castle, layout_basic, tso_altar,
          nicolae_elemental_shop, uniq_maggie, uniq_duvessa
D:7:      layout_cave_pods, mainiacjoe_overflow_24_doors, okawaru_gym_becter,
          enter_bailey_2, nicolae_lava_and_water, uniq_menkaure
D:8:      layout_loops_cross, mainiacjoe_overflow_alcove_1,
          lightli_temple_of_fire, old_standard_altar, grunt_ministairs_5,
          minmay_misc_feat_five, uniq_maurice, uniq_joseph, uniq_grum
D:9:      layout_layer_cave, mainiacjoe_overflow_cross_hatched,
          lemuel_doored_altar, gammafunk_temple_overflow_elements,
          dpeg_oklobed_lair, gammafunk_ghost_smash
Temple:   nicolae_temple_great_sept
Lair:1:   layout_cellular_growth, ebering_ghost_reflecting_pool
Lair:2:   layout_small_grid, nicolae_shoals_entry_roost, ebering_ghost_xom,
          infiniplex_staircase_pool_2
Lair:3:   layout_misc_corridors, spider_nest_entry_a, beast_lair_carwin_11,
          lemuel_fruit_fields
Lair:4:   layout_roguey, slime_entry_2, nicolae_quartered_pool_little,
          lemuel_another_geyser, uniq_urug

Skill      XL: |  1  2  3  4  5  6  7  8  9 10 11 12 |
---------------+-------------------------------------+-----
Ranged Weapons | 5 6 7 8 9 11 13 14 15 | 15.7
Armour         | 1 2 3 4 5 6 7 |  7.0
Fighting       | 3 4 5 6 7 9 10 | 10.0
Dodging        | 2 3 4 5 |  5.0
Invocations    | 4 6 |  6.7
Stealth        | |  1.1

Action                     |  1- 3 |  4- 6 |  7- 9 | 10-12 || total
---------------------------+-------+-------+-------+-------++-------
   Fire: Shortbow          |   108 |    55 |       |       ||   163
         Hand crossbow     |       |    76 |   125 |    60 ||   261
         Longbow           |       |       |       |   339 ||   339
 Invoke: Heroism           |       |       |       |    24 ||    24
    Use: Scroll            |     1 |     7 |    11 |     4 ||    23
         Potion            |     1 |     2 |     1 |     3 ||     7
 Armour: Leather armour    |    11 |       |       |       ||    11
         Ring mail         |    20 |    40 |    71 |       ||   131
         Acid dragon scale |       |       |    15 |   118 ||   133
  Dodge: Dodged            |    34 |    38 |    75 |   243 ||   390
  Block: Other             |       |       |       |     3 ||     3

Table legend:
 A = Non-vault XP
 B = Vault XP
 C = Vault XP percentage of total XP
 D = Non-vault monster count
 E = Vault monster count
 F = Vault count percentage of total count
                 A         B        C        D         E       F
            +---------+---------+-------+---------+---------+-------
      Total |   22487 |    5219 |  18.8 |     206 |      51 |  19.8
            +---------+---------+-------+---------+---------+-------
        D:1 |      41 |       0 |   0.0 |      22 |       0 |   0.0
        D:2 |      86 |      17 |  16.5 |      19 |       4 |  17.4
        D:3 |     281 |      47 |  14.3 |      21 |       7 |  25.0
        D:4 |     270 |       0 |   0.0 |      12 |       0 |   0.0
        D:5 |     504 |       0 |   0.0 |      14 |       0 |   0.0
        D:6 |    1018 |     628 |  38.2 |      18 |       3 |  14.3
        D:7 |     511 |     172 |  25.2 |       7 |       1 |  12.5
        D:8 |    2505 |    1686 |  40.2 |      24 |       8 |  25.0
        D:9 |     697 |       0 |   0.0 |       7 |       0 |   0.0
     Lair:1 |    3384 |       0 |   0.0 |      18 |       0 |   0.0
     Lair:2 |    5979 |    1825 |  23.4 |      22 |       3 |  12.0
     Lair:3 |    5493 |     698 |  11.3 |      19 |       4 |  17.4
     Lair:4 |    1718 |       0 |   0.0 |       3 |       0 |   0.0
      Sewer |       0 |     146 | 100.0 |       0 |      21 | 100.0
            +---------+---------+-------+---------+---------+-------
